[Event "Fagernes Chess GM-Swiss 2024"]
[Site "Fagernes"]
[Date "2024.03.29"]
[Round "7.2"]
[White "Ganguly, Surya Shekhar"]
[Black "Urkedal, Frode Olav Olsen"]
[Result "1/2-1/2"]
[ECO "E60"]
[WhiteElo "2574"]
[BlackElo "2536"]
[Annotator "TA"]
[PlyCount "55"]
[EventDate "2024.03.25"]
[EventType "swiss"]
[EventCountry "NOR"]
[SourceTitle "playchess.com"]
[Source "ChessBase"]
[SourceQuality "1"]
[TimeControl "40/6000+30:2400+30"]

1. Nf3 d5 2. e3 c5 3. b3 Nf6 4. Bb2 g6 5. c4 dxc4 6. Bxc4 Bg7 7. O-O O-O 8. d4 cxd4 9. Nxd4 Bd7 10. Nd2 Nc6 11. N2f3 Qa5 12. Qe2 Nxd4 {[%emt 0:14:48] The position is equal.} 13. Bxd4 Bc6 14. Rfd1 Rac8 15. a3 a6 16. b4 Qh5 17. Ne5 Qxe2 18. Bxe2 Ba4 19. Rdc1 Ne4 20. Bf3 Nd6 21. Rc5 b6 22. Rcc1 Nb5 23. Nc6 Nxd4 24. Nxe7+ Kh8 {[%emt 0:00:03] [#] White must now prevent ...Nxf3+.} 25. Nxc8 Nxf3+ 26. gxf3 Bxa1 {[%emt 0:00:05] A strong pair of Bishops.} 27. Nxb6 $1 Bb2 $1 28. Rb1 $1 {[%emt 0:00:07] A rather calm draw.   Weighted Error Value: White=0.07 (flawless) /Black=0.03 (flawless) .  Inaccurate:     	White=1     	Black=1      OK:         	White=6     	Black=11     Best:        	White=1     	Black=1      Strong:       	White=2     	---} 1/2-1/2

[Event "Fagernes Chess GM-Swiss 2024"]
[Site "Fagernes"]
[Date "2024.03.29"]
[Round "7.3"]
[White "Gorshtein, Ido"]
[Black "Sasikiran, Krishnan"]
[Result "1/2-1/2"]
[ECO "E12"]
[WhiteElo "2539"]
[BlackElo "2578"]
[Annotator "TA"]
[PlyCount "40"]
[EventDate "2024.03.25"]
[EventType "swiss"]
[EventCountry "NOR"]
[SourceTitle "playchess.com"]
[Source "ChessBase"]
[SourceQuality "1"]
[TimeControl "40/6000+30:2400+30"]

1. d4 Nf6 2. c4 e6 3. Nf3 b6 4. a3 Bb7 5. Nc3 d5 6. Bf4 dxc4 7. e3 Bd6 8. Bxd6 Qxd6 9. Bxc4 O-O 10. Rc1 c5 11. O-O Nbd7 12. Nb5 Qb8 13. dxc5 bxc5 14. Be2 (14. Rc2 $11) 14... Bxf3 (14... Bc6 $1 $15 15. Qd3 a6) 15. gxf3 $11 {[%emt 0:00:08] The position is equal.} a6 16. Nd6 Qxb2 17. Rb1 Qc3 (17... Qxa3 $2 {perishes.} 18. Nc4 Qc3 19. Rb3 $18) 18. Rb3 Qa5 19. Nc4 Qa4 20. Rb2 Qc6 {[%emt 0:03:06] An uneventful encounter.   Weighted Error Value: White=0.09 (flawless) /Black=0.08 (flawless) .  Mistake:       	White=1     	Black=1      OK:         	White=6     	Black=7} 1/2-1/2

[Event "Fagernes Chess GM-Swiss 2024"]
[Site "Fagernes"]
[Date "2024.03.29"]
[Round "7.4"]
[White "Ghasi, Ameet K"]
[Black "Raja Rithvik R"]
[Result "1/2-1/2"]
[ECO "E04"]
[WhiteElo "2485"]
[BlackElo "2532"]
[Annotator "TA"]
[PlyCount "88"]
[EventDate "2024.03.25"]
[EventType "swiss"]
[EventCountry "NOR"]
[SourceTitle "playchess.com"]
[Source "ChessBase"]
[SourceQuality "1"]
[TimeControl "40/6000+30:2400+30"]

1. Nf3 d5 2. g3 c5 3. Bg2 Nc6 4. d4 Nf6 5. O-O e6 6. c4 dxc4 7. dxc5 Qd5 8. Qd3 Qxd3 9. Re1 Qd1 10. Rxd1 Bxc5 11. Nbd2 c3 12. bxc3 O-O 13. Nb3 Be7 14. c4 Bd7 15. Bb2 Rfc8 16. c5 Be8 17. Nfd2 b6 18. cxb6 axb6 19. Nc4 Rab8 20. Nd6 Bxd6 21. Rxd6 Na5 22. Nxa5 bxa5 23. Bd4 Rc2 24. Bf3 Nd5 25. Bxd5 exd5 26. Rxd5 f6 27. Rxa5 Rxe2 28. a4 Bc6 29. Ra6 Ra2 $2 {[%emt 0:02:05] [#]} 30. Rxc6 $18 (30. Rxa2 $2 Rb1#) 30... Rxa1+ 31. Bxa1 {[%emt 0:00:00][%mdl 4096] Endspiel. KRB-KR} Rb1+ 32. Kg2 Rxa1 $16 {[%emt 0:00:02] KR-KR} 33. Ra6 Ra3 (33... h5 $16 {ist eine bessere Verteidigung.} 34. a5 Kf7) 34. Ra7 h5 35. a5 Kh7 36. a6 Kg6 37. h4 $2 (37. Ra8 $18) 37... Kh7 38. Kf1 {[%emt 0:00:59] Weiß steht aktiver.} Ra2 39. Ra8 Kg6 40. f3 {[%emt 0:00:41] Und jetzt g4 wäre schön.} Kf5 41. Ke1 Ra3 42. Ke2 Ra2+ {[%emt 0:00:03] [#]} 43. Ke3 (43. Kd1 $1 $16) 43... Ra3+ $11 44. Ke2 $2 (44. Kf2 $11) 44... Ra2+ $1 {[%emt 0:00:05] Gewichteter Fehlerwert: Weiß=0.15 (sehr präzise) /Schwarz=0.16 (sehr präzise) .  Fehler:       	Weiß=3     	Schwarz=2     Ungenau:       	---       	Schwarz=2     OK:         	Weiß=13    	Schwarz=12    Bester:       	Weiß=2     	Schwarz=3     Stark:        	---       	Schwarz=1} 1/2-1/2

[Event "Fagernes Chess GM-Swiss 2024"]
[Site "Fagernes"]
[Date "2024.03.29"]
[Round "7.5"]
[White "Puranik, Abhimanyu"]
[Black "Blomqvist, Erik"]
[Result "1-0"]
[ECO "C83"]
[WhiteElo "2618"]
[BlackElo "2511"]
[Annotator "TA"]
[PlyCount "55"]
[EventDate "2024.03.25"]
[EventType "swiss"]
[EventCountry "NOR"]
[SourceTitle "playchess.com"]
[Source "ChessBase"]
[SourceQuality "1"]
[TimeControl "40/6000+30:2400+30"]

1. e4 e5 2. Nf3 Nc6 3. Bb5 a6 4. Ba4 Nf6 5. O-O Nxe4 6. d4 b5 7. Bb3 d5 8. dxe5 Be6 9. Nbd2 Nc5 10. c3 Be7 11. Bc2 d4 12. Nb3 d3 13. Bb1 {[%emt 0:00:03] Strongly threatening Nxc5.} Nxb3 14. axb3 {[%emt 0:00:04][%cal Ba2b3,Bb3b4,Bb4a5,Ba5a6][%mdl 32] White is slightly better.} Bf5 15. b4 O-O 16. h3 Qd7 17. Bf4 Rfd8 18. g4 Bg6 19. Bg3 a5 20. bxa5 b4 (20... Nxa5 21. e6 Qc8 (21... Qxe6 22. Re1 $16) (21... fxe6 22. Ne5 $16) 22. exf7+ Kf8 23. Re1 (23. Ne5 Nc4 $11)) 21. a6 Qc8 22. Qa4 Nb8 23. a7 $36 {[%emt 0:00:38][%mdl 2048] White is pushing.} (23. cxb4 $2 Rxa6 $19 (23... Nxa6 24. b5 $15) (23... Nxa6 24. e6 $17)) 23... Qb7 24. Nd4 {[%emt 0:08:36] e6 would now be deadly. Some like it hot} (24. axb8=R $2 Rdxb8 25. Nd2 Rxa4 26. Rxa4 Qc6 $19) 24... Bc5 $2 {[%emt 0:00:30][%mdl 8192] [#] A mistake that costs the game.} (24... c5 $1 $11 {and Black has nothing to worry.} 25. Nf5 (25. axb8=R $2 Rdxb8 26. Nf5 Rxa4 $19) 25... Bxf5 26. gxf5 Nc6) 25. e6 $1 $18 (25. axb8=R $2 Rdxb8 26. Qd7 (26. Qc6 Rxa1 27. Qxc5 d2 $17) 26... Rxa1 27. Bxd3 Rba8 $19) 25... Rxa7 $2 {[%emt 0:17:55] [#]} (25... fxe6 {is a better defense.} 26. Nxe6 (26. axb8=Q Rdxb8 27. Qd7 Rxa1 $15) 26... Rxa7) 26. e7 $1 {[%emt 0:00:13][%mdl 512] White is clearly winning.} Rf8 27. e8=Q Rxa4 28. Qxa4 {[%emt 0:00:05] Weighted Error Value: White=0.05 (flawless) /Black=0.47.  Loses game:     	---       	Black=1      Mistake:       	---       	Black=1      Inaccurate:     	White=1     	Black=1      OK:         	White=8     	Black=7      Best:        	White=2     	Black=2      Strong:       	White=1     	---        Brilliant:      	White=1     	---} 1-0

[Event "Fagernes Chess GM-Swiss 2024"]
[Site "Fagernes"]
[Date "2024.03.29"]
[Round "7.6"]
[White "Kvaloy, Aksel Bu"]
[Black "Amar, Elham"]
[Result "0-1"]
[ECO "E11"]
[WhiteElo "2454"]
[BlackElo "2567"]
[Annotator "TA"]
[PlyCount "78"]
[EventDate "2024.03.25"]
[EventType "swiss"]
[EventCountry "NOR"]
[SourceTitle "playchess.com"]
[Source "ChessBase"]
[SourceQuality "1"]
[TimeControl "40/6000+30:2400+30"]

1. d4 Nf6 2. c4 e6 3. g3 d5 4. Bg2 Bb4+ 5. Bd2 Be7 6. Nf3 O-O 7. O-O c6 8. Qc2 a5 9. Bf4 dxc4 10. Bxb8 Rxb8 {[%emt 0:00:07] Die Stellung ist ausgeglichen.} 11. Qxc4 Nd5 12. Nbd2 Bd7 13. Ne4 Be8 14. Rfd1 f6 15. Nc5 Bf7 16. e4 Nc7 17. Rac1 Bd6 18. a3 Qe7 19. Qc2 (19. e5 $16 {Ne4 wäre nun fies.} Bxc5 20. exf6 (20. dxc5 Ra8 $16) (20. Qxc5 Qxc5 21. dxc5 Rfd8 $11) 20... gxf6 21. dxc5) 19... Bh5 (19... Bxc5 {vereinfacht} 20. Qxc5 Qxc5 21. Rxc5 a4) 20. Na4 (20. Rd3 $1 $14) 20... e5 $11 21. Qd3 Nb5 22. d5 $1 Bxf3 23. Bxf3 Nd4 24. dxc6 bxc6 25. Bg2 Kh8 26. Qc4 g6 27. Re1 h5 28. h4 (28. Kh1 $11) 28... g5 $17 29. Rc3 gxh4 {[%emt 0:01:22] Schwarz steht aktiver.} 30. gxh4 (30. Bh3 $17) 30... Rg8 $19 {[%emt 0:00:12] Droht ...f5 und aus.} 31. Ree3 Rg4 32. Rg3 {[%emt 0:00:30] [#]} f5 (32... Rxh4 33. Rg6 $17) 33. exf5 Rbg8 (33... Qxh4 34. Qd3 $19) 34. Kf1 Qxh4 35. Qf7 $2 {[%emt 0:01:57] [#]} (35. Bxc6 Nf3 (35... Nxf5 36. Rxg4 Rxg4 37. Qd5 $19) 36. Bxf3 Rxc4 37. Rxg8+ Kh7 (37... Kxg8 $2 38. Bd5+ Kf8 39. Rxc4 $19) 38. Rd8) 35... Rf8 $1 36. Qd7 Nxf5 ({Schlechter ist} 36... Rxf5 37. Qxd6 Qg5 (37... Rxg3 $2 {zu gefräßig.} 38. Qh6+ Kg8 39. Bd5+ cxd5 40. Rc8+ Kf7 41. Rc7+ $18) 38. Rxg4 hxg4 39. Ke1 $11 (39. Bxc6 Rxf2+ 40. Kxf2 Qd2+ 41. Kf1 Qd1+ 42. Kg2 Qd2+ 43. Kf1 Qd1+ 44. Kg2 Qe2+ 45. Kg1 Qd1+ 46. Kg2 $11) (39. Bxc6 Rxf2+ 40. Kxf2 Qd2+ 41. Kf1 Qe2+ 42. Kg1 Qe1+ 43. Kh2 Qd2+ 44. Kh1 Qe1+ 45. Kh2 Qd2+ 46. Kh1 Qd1+ 47. Kg2 Qd2+ 48. Kh1 $11)) 37. Rxg4 Qxg4 38. Kg1 Qd1+ 39. Kh2 e4+ {[%emt 0:00:05] Gewichteter Fehlerwert: Weiß=0.87/Schwarz=0.08 (makellos) .  Fehler:       	Weiß=5     	---        Ungenau:       	Weiß=3     	Schwarz=2     OK:         	Weiß=11    	Schwarz=8     Bester:       	---       	Schwarz=4     Stark:        	Weiß=1     	Schwarz=1} 0-1

[Event "Fagernes Chess GM-Swiss 2024"]
[Site "Fagernes"]
[Date "2024.03.29"]
[Round "7.7"]
[White "Pranav Anand"]
[Black "Elsness, Frode"]
[Result "1-0"]
[ECO "C78"]
[WhiteElo "2519"]
[BlackElo "2437"]
[Annotator "TA"]
[PlyCount "97"]
[EventDate "2024.03.25"]
[EventType "swiss"]
[EventCountry "NOR"]
[SourceTitle "playchess.com"]
[Source "ChessBase"]
[SourceQuality "1"]
[TimeControl "40/6000+30:2400+30"]

1. e4 e5 2. Nf3 Nc6 3. Bb5 a6 4. Ba4 Nf6 5. O-O b5 6. Bb3 Bc5 7. a4 Rb8 8. c3 d6 9. d4 Bb6 10. a5 Ba7 11. h3 Bb7 12. Be3 {[%emt 0:00:12] d5 wäre nun fies. Weiß steht etwas besser.} Nxe4 13. Re1 {[%emt 0:00:48] Schwarz sollte d5 verhindern.} (13. d5 {wäre vielleicht verwirrender.} Bxe3 14. dxc6 Nxf2 15. Qe2) 13... Ne7 14. Nbd2 Nxd2 15. Bxd2 O-O $1 16. dxe5 Ng6 17. Ng5 $1 {[%emt 0:32:05] Zielt auf Qh5 ab.} h6 {[%emt 0:34:23][%cal Og6e5] [#] Weiss muss nun ...Nxe5! beachten.} 18. Qh5 $1 {[%emt 0:16:15] Weiß steht aktiver.} Nxe5 {[%emt 0:12:56] [#]} 19. Rxe5 $1 dxe5 20. Nxf7 (20. Bxf7+ $6 Rxf7 (20... Kh8 $2 21. Qg6 $18) 21. Qxf7+ Kh8 $11) 20... Rxf7 (20... Qxd2 $2 21. Nxh6+ Kh7 22. Ng8+ $18) (20... Bxf2+ 21. Kh2 Qh4 (21... Qxd2 $2 22. Nxh6+ Kh7 23. Ng8+ $18) (21... Bg3+ $2 22. Kxg3 Qd3+ 23. Kh2 $18) 22. Nxe5+ Kh7 23. Qg6+ Kh8 24. Bc2 $16) 21. Bxf7+ Kf8 {[%emt 0:00:33] [#]} 22. Bb3 $1 Bd5 {[%emt 0:04:05] Es drohte Qf7+} (22... Bxf2+ $2 23. Kh1 Bd5 24. Qf5+ Kg8 25. Bxd5+ Qxd5 26. Qxf2 $18) 23. Qf5+ Kg8 24. Bc2 Qe7 (24... Qf6 $16 {war einen Versuch wert.}) 25. Re1 Rf8 26. Qh7+ (26. Qxe5 $2 Qxe5 (26... Bxf2+ $2 27. Kh2 $19) 27. Rxe5 Rxf2 $19 (27... Bxf2+ 28. Kh2 $11)) 26... Kf7 27. Qd3 (27. Be3 $18 Bxe3 28. Rxe3) 27... Qe6 $16 28. Be3 (28. Qh7 Qf6 29. Be3 Bxe3 30. Rxe3 Ke7 $14) 28... Bxe3 29. Rxe3 Re8 30. Rg3 e4 31. Qd4 Qe5 32. Qa7 Re6 33. Bd1 Rf6 34. Be2 Kg8 35. Bg4 Kh7 36. Bc8 Rf8 37. Qxa6 e3 $2 {[%emt 0:00:01] Verliert die Partie.} 38. Qg6+ $18 (38. Rxe3 Qf4 39. Rg3 (39. Qxb5 $2 Qxf2+ 40. Kh2 Qxg2#) (39. Re2 $2 Qc1+ 40. Kh2 Qf1 $19) 39... Qxf2+ 40. Kh2 c6 $16) 38... Kh8 39. Rxe3 Qf4 {[%emt 0:00:09] [#]} 40. Rg3 $1 Qxf2+ 41. Kh2 Qf6 42. Qxf6 Rxf6 {[%emt 0:01:19][%mdl 4096] Endspiel. KRB-KRB} 43. Rd3 {[%emt 0:00:00] Weiß steht klar auf Gewinn.} Bc6 44. Rd8+ Kh7 45. a6 {[%emt 0:00:00][%cal Ba5a6,Ba6a7][%mdl 32] Droht Bb7 und aus.} Rf2 46. Bb7 Rxg2+ 47. Kh1 Rd2+ 48. Bxc6 Rxd8 49. a7 {[%emt 0:00:00] Gewichteter Fehlerwert: Weiß=0.08 (makellos) /Schwarz=0.29 (präzise) .  Verlustzug:     	---       	Schwarz=1     Fehler:       	Weiß=1     	Schwarz=1     Ungenau:       	Weiß=1     	Schwarz=5     OK:         	Weiß=8     	Schwarz=13    Bester:       	Weiß=6     	Schwarz=5     Stark:        	Weiß=3     	Schwarz=1     Brilliant:      	Weiß=1     	---} ({Schwächer ist} 49. Bxb5 Rd5 50. b4 (50. a7 $2 Rd1+ 51. Kg2 Ra1 $19) 50... Kg6 $11 (50... Rxb5 $2 {zu gefräßig.} 51. a7 $18)) 1-0

[Event "Fagernes Chess GM-Swiss 2024"]
[Site "Fagernes"]
[Date "2024.03.29"]
[Round "7.8"]
[White "Trost, Edvin"]
[Black "Petkov, Momchil"]
[Result "1/2-1/2"]
[ECO "C79"]
[WhiteElo "2432"]
[BlackElo "2500"]
[Annotator "RC"]
[PlyCount "135"]
[EventDate "2024.03.25"]
[EventType "swiss"]
[EventCountry "NOR"]
[SourceTitle "playchess.com"]
[Source "ChessBase"]
[SourceQuality "1"]
[TimeControl "40/6000+30:2400+30"]

1. e4 e5 2. Nf3 Nc6 3. Bb5 a6 4. Ba4 Nf6 5. O-O d6 6. Re1 Bd7 7. c3 g6 8. d4 Bg7 9. h3 O-O 10. Bc2 Re8 11. Nbd2 a5 12. a4 exd4 13. cxd4 Nb4 14. Bb3 Be6 15. e5 Bxb3 16. Qxb3 dxe5 17. dxe5 Nd7 18. Nc4 Nc5 19. Qc3 Qd3 20. Be3 Nd5 21. Qd4 Qxd4 22. Bxd4 Ne6 23. Rad1 Red8 24. g3 b6 25. b3 Bh6 26. Bb2 Nb4 27. Nd4 Nxd4 28. Rxd4 Rxd4 29. Bxd4 Nc2 30. Re4 Rd8 31. Bc3 Rd3 32. e6 fxe6 33. Be5 Rd7 34. Bc3 Rd3 35. Be5 Rxb3 36. Bxc7 Rb4 37. Rh4 Bg7 38. Nxb6 Bd4 39. Nc8 Rxa4 40. Ne7+ Kg7 41. Be5+ Kf8 42. Bxd4 Rxd4 43. Rxh7 g5 44. Ng6+ Kg8 45. Rc7 Ne1 46. Kf1 Re4 47. f4 gxf4 48. Nxf4 Nf3 49. Ra7 e5 50. Nd5 Rd4 51. Nf6+ Kf8 52. Kf2 Rd3 53. h4 a4 54. h5 Ng5 55. Nd7+ Kg8 56. Nf6+ Kf8 57. Nh7+ Nxh7 58. Rxh7 e4 59. Ra7 Rf3+ 60. Kg2 a3 61. g4 Kg8 62. h6 Rf6 63. g5 Rg6 64. Rxa3 Rxg5+ 65. Rg3 Rxg3+ 66. Kxg3 Kh7 67. Kf4 Kxh6 68. Kxe4 1/2-1/2

[Event "Fagernes Chess GM-Swiss 2024"]
[Site "Fagernes"]
[Date "2024.03.29"]
[Round "7.9"]
[White "Can, Isik"]
[Black "Ingebretsen, Jens E"]
[Result "1-0"]
[ECO "B33"]
[WhiteElo "2493"]
[BlackElo "2402"]
[Annotator "TA"]
[PlyCount "69"]
[EventDate "2024.03.25"]
[EventType "swiss"]
[EventCountry "NOR"]
[SourceTitle "playchess.com"]
[Source "ChessBase"]
[SourceQuality "1"]
[TimeControl "40/6000+30:2400+30"]

1. e4 c5 2. Nf3 Nc6 3. d4 cxd4 4. Nxd4 Nf6 5. Nc3 e5 6. Ndb5 d6 7. Bg5 a6 8. Na3 b5 9. Nd5 Be7 10. Bxf6 Bxf6 11. c3 Rb8 12. Nc2 Bg5 {[%emt 0:00:03] [#]} 13. h4 Bxh4 $11 14. a4 Bg5 15. axb5 {[%emt 0:02:10] The position is equal.} axb5 16. Na3 b4 17. Bb5 $1 Bd7 {[%emt 0:03:07] A strong pair of Bishops.} 18. Nc4 {[%emt 0:00:05] Hoping for Qa4.} (18. Nxb4 $2 Nxb4 19. Bxd7+ Qxd7 $17) 18... O-O $132 {[%emt 0:01:00][%mdl 2048] Black is fighting back} 19. Nxd6 bxc3 20. bxc3 Ne7 21. Bxd7 {[%emt 0:27:16][%cal Od6f7] Nxf7! is the strong threat.} Nxd5 {[%emt 0:06:22] Black is weak on the light squares} 22. Qxd5 Qxd7 23. O-O Bf4 {[%emt 0:17:07] [#]} (23... Qe6 $11 {remains equal.}) 24. c4 $1 $16 {[%emt 0:04:47] White is more active.} Rb2 (24... h5 $16) 25. Ra8 $18 {[%emt 0:09:09] Black must now prevent Rxf8+.} g6 (25... Rbb8 {might work better.} 26. Rxb8 Rxb8) 26. Rxf8+ Kxf8 {[%emt 0:00:02] [#]} 27. Qa8+ (27. g3 $1 $18 Bh6 28. Ra1 (28. Qxe5 Bg7 $18)) 27... Kg7 $2 {[%emt 0:05:18][%mdl 8192] Loses the game.} (27... Ke7 $16 28. c5 Rc2) 28. Ne8+ Kh6 29. Nf6 Qd6 {[%emt 0:02:12] Against Qf8+} 30. Qh8 {[%emt 0:00:59][%cal Og2g3] g3! would kill now.} Rb8 31. Qxh7+ Kg5 32. Ng8 Qf8 33. g3 $1 {[%emt 0:00:11][%csl Gg3][%cal Rh7h4] White mates.} Kg4 34. f3+ Kxg3 35. Qh2# {[%emt 0:00:04] Weighted Error Value: White=0.19 (very precise) /Black=0.50.  Loses game:     	---       	Black=1      Missed win:     	White=1     	---        Mistake:       	---       	Black=3      Inaccurate:     	---       	Black=2      OK:         	White=7     	Black=3      Best:        	White=2     	Black=4      Strong:       	White=2     	---} 1-0

[Event "Fagernes Chess GM-Swiss 2024"]
[Site "Fagernes"]
[Date "2024.03.29"]
[Round "7.10"]
[White "Sidhant, Mohapatra"]
[Black "Mitusov, Semen"]
[Result "1/2-1/2"]
[ECO "C88"]
[WhiteElo "2379"]
[BlackElo "2487"]
[Annotator "TA"]
[PlyCount "84"]
[EventDate "2024.03.25"]
[EventType "swiss"]
[EventCountry "NOR"]
[SourceTitle "playchess.com"]
[Source "ChessBase"]
[SourceQuality "1"]
[TimeControl "40/6000+30:2400+30"]

1. e4 e5 2. Nf3 Nc6 3. Bb5 a6 4. Ba4 Nf6 5. O-O b5 6. Bb3 Be7 7. d3 d6 8. c3 O-O 9. a4 Bb7 10. Re1 Na5 11. Ba2 c5 12. Bg5 Qd7 13. Nbd2 bxa4 14. Bb1 Bc6 15. Bc2 Rfb8 16. Bxf6 Bxf6 17. Ra2 Qe6 18. c4 Qd7 19. Bxa4 Bd8 20. Qa1 Bxa4 21. Rxa4 Nc6 22. Nb1 Nb4 {[%emt 0:14:34][%cal Ob4c2] [#] White must now prevent ...Nc2!} 23. Rd1 Nc2 24. Qa2 Nb4 (24... Qb7 $17 25. Rd2 Qxb2 26. Qxb2 Rxb2) 25. Qa3 Nc2 (25... Ra7 $15 26. Nc3 g6) 26. Qa2 $17 {[%emt 0:00:02] [#]} Rb6 (26... Qb7 $1 $17 27. Nc3 Qxb2 28. Qxb2 Rxb2) 27. b3 Nd4 28. Nxd4 cxd4 29. b4 Rab8 30. Rxa6 Rxb4 {[%emt 0:00:08] ...Rb2 would now be deadly.} 31. Ra8 Rb2 (31... Rxa8 {simplifies} 32. Qxa8 Kf8 33. Nd2 Ra4) 32. Qa1 {[%emt 0:00:19] White is weak on the dark squares. The position is equal.} Qg4 33. Rf1 g6 34. Rxb8 Rxb8 35. Qa2 Qd7 36. Nd2 Qb7 37. Rb1 Ra8 38. Qc2 Qa7 39. g3 Kg7 40. Kg2 Qa5 41. Rb3 Bg5 42. Nf3 Bf6 {[%emt 0:00:00] Weighted Error Value: White=0.09 (flawless) /Black=0.11 (very precise) .  Mistake:       	---       	Black=3      Inaccurate:     	White=5     	Black=2      OK:         	White=14    	Black=9      Best:        	White=2     	Black=1} 1/2-1/2

[Event "Fagernes Chess GM-Swiss 2024"]
[Site "Fagernes"]
[Date "2024.03.29"]
[Round "7.11"]
[White "Sokolovsky, Yahli"]
[Black "Tsolakidou, Stavroula"]
[Result "1-0"]
[ECO "B30"]
[WhiteElo "2475"]
[BlackElo "2424"]
[Annotator "TA"]
[PlyCount "73"]
[EventDate "2024.03.25"]
[EventType "swiss"]
[EventCountry "NOR"]
[SourceTitle "playchess.com"]
[Source "ChessBase"]
[SourceQuality "1"]
[TimeControl "40/6000+30:2400+30"]

1. e4 c5 2. Nc3 Nc6 3. Bb5 Nd4 4. Nf3 e6 5. O-O Ne7 6. Nxd4 cxd4 7. Ne2 a6 8. Bd3 Nc6 9. c3 Bc5 10. b4 Bb6 11. cxd4 Nxd4 {[%emt 0:04:51] White is slightly better.} 12. Bb2 Nxe2+ 13. Qxe2 {[%emt 0:00:05][%cal Oe2g4] Qg4! is the strong threat.} O-O 14. Qg4 f6 15. e5 f5 16. Qg3 Bc7 17. a4 Rf7 18. Bc4 b6 19. Qf3 Rb8 20. Qe2 {[%emt 0:03:40] White has more active pieces. The black rooks are passive.} a5 21. d4 ({Better is} 21. b5 $16) 21... Bb7 22. Rfd1 Qh4 (22... d5 $14 23. Bb5 axb4) 23. d5 $1 $36 {[%emt 0:07:01][%mdl 2048] White is really pushing.} exd5 {[%emt 0:00:32] Loses the game.} (23... Re8 $16 {was worth a try.} 24. Rac1 axb4) 24. Rxd5 $18 (24. Bxd5 Bxd5 25. Rxd5 Qxb4 $18) 24... Bxd5 25. Bxd5 Qxb4 $2 (25... axb4 26. Rc1 (26. Bxf7+ Kxf7 27. Qc2 Rc8 $18) 26... Bd8) 26. Rc1 Bd8 27. Bxf7+ Kxf7 {[%emt 0:00:05][%cal Bg8f7,Bf7g6,Bg6h5,Bh5g5][%mdl 32] [#]} 28. e6+ $1 dxe6 {[%emt 0:03:01][%cal Od8f6] And now ...Bf6! would win.} 29. Qe5 Bf6 {[%emt 0:06:30] [#]} 30. Rc7+ $1 {[%emt 0:11:45] White mates.} (30. Qxb8 Qxb2 31. Qc7+ Be7 $18) 30... Kg6 31. Rxg7+ $1 Bxg7 32. Qxg7+ {[%emt 0:00:05] KQR-KQB} Kh5 33. Qxh7+ Kg5 34. Qg7+ Kh5 {[%emt 0:00:17] [#]} 35. h4 $1 Qd2 (35... Qxh4 36. Qf7+) 36. Qf7+ Kg4 37. Qg6+ {[%emt 0:00:11] Weighted Error Value: White=0.03 (flawless) /Black=0.53.  Mistake:       	White=1     	Black=3      Inaccurate:     	---       	Black=3      OK:         	White=6     	Black=3      Best:        	White=2     	Black=1      Strong:       	White=1     	---} 1-0

[Event "Fagernes Chess GM-Swiss 2024"]
[Site "Fagernes"]
[Date "2024.03.29"]
[Round "7.12"]
[White "Hillarp Persson, Tiger"]
[Black "Narva, Mai"]
[Result "0-1"]
[ECO "E46"]
[WhiteElo "2473"]
[BlackElo "2399"]
[Annotator "TA"]
[PlyCount "70"]
[EventDate "2024.03.25"]
[EventType "swiss"]
[EventCountry "NOR"]
[SourceTitle "playchess.com"]
[Source "ChessBase"]
[SourceQuality "1"]
[TimeControl "40/6000+30:2400+30"]

1. d4 Nf6 2. c4 e6 3. Nc3 Bb4 4. e3 O-O 5. Nge2 Re8 6. a3 Bf8 7. d5 a5 8. g3 Na6 9. Bg2 Nc5 10. b3 {[%emt 0:00:21] The position is equal.} exd5 11. cxd5 b6 12. O-O Ba6 13. Ra2 Nfe4 14. Nxe4 Nxe4 15. Bb2 Qg5 16. h4 Qf5 {[%emt 0:05:37] [#]} (16... Bxe2 $15 17. hxg5 Bxd1 18. Rxd1 Nxg5) 17. Nf4 $1 $14 h6 (17... Bxf1 $2 18. g4 $18) 18. Bh3 Qh7 19. Re1 Rad8 20. Ba1 Bd6 21. Kh2 {[%emt 0:27:48] White wants to play f3.} a4 22. b4 ({White should play} 22. bxa4 $11 Bc4 23. Rb2) 22... Bc4 $15 23. Rc2 {[%emt 0:02:27] [#] Now White is beyond hope.} (23. Rb2 $1 $15 g5 24. Nh5) 23... Bb3 $1 $19 24. Ree2 g5 25. Qc1 Bxc2 26. Rxc2 $2 (26. Qxc2 Nxg3 (26... gxf4 $2 27. gxf4 f6 28. f3 $19) 27. Kxg3 gxf4+ 28. Kf3 Qxc2 29. Rxc2) 26... gxf4 27. gxf4 {[%emt 0:00:10] Black is clearly winning.} Qg6 28. Qb2 (28. Qg1 $142) 28... f6 {[%emt 0:01:07] ...Kf7 is the strong threat.} ({But not} 28... Kh7 $2 29. Bf5 Rg8 (29... Bxf4+ $2 30. exf4 Rg8 31. Bxg6+ $18) 30. Bxg6+ Rxg6 31. f3 $18) 29. Rc4 Kh7 30. h5 (30. Qb1 $142 f5 (30... Nxf2 $2 {loses.} 31. Bf5 $18) 31. Qg1) 30... Qxh5 31. Rxe4 Rxe4 32. Qxf6 Re7 33. f3 Rg8 {[%emt 0:01:15][%cal Oe7f7] Threatens to win with ...Rf7!} ({Weaker is} 33... Qxd5 34. Bf5+ Kg8 35. Bg6 $11) 34. Qf5+ Qg6 35. e4 {[%emt 0:01:06] [#]} Bxf4+ $1 {[%emt 0:00:26] Weighted Error Value: White=0.77/Black=0.20 (precise) .  Loses game:     	White=1     	---        Mistake:       	White=3     	Black=1      Inaccurate:     	White=2     	---        OK:         	White=6     	Black=12     Best:        	---       	Black=5      Strong:       	White=1     	Black=1} 0-1